AoeStats
← hightower_208

Arena

508268645Analyzed
2v2 RM · 10d ago on Sep 21, 2026· 33m 18s· 4 players
Game mode
Random Map
Map size
Medium (4 player)
Population
200
Speed
Normal
Resources
Standard
Victory
Conquest
Starting age
Dark Age
Ending age
Imperial Age
RankedLock teamsTeams togetherTeam positionsShared explorationLock speedFull tech treeHidden civsTurbo modeCheats
Victory
Defeat
🇩🇪 Magyars · Germany
1718
+8
🇩🇪 Mongols · Germany
1679
+9
🇧🇷 Chinese · Brazil
1652
-12
🇩🇪 Celts · Germany
1376
-5
wEEBER
0:29 Loom
10:38 Feudal Age
11:16 Double-Bit Axe
14:03 Castle Age
12:34 Double-Bit Axe
13:00 Horse Collar
19:09 Sanctity
21:44 Bow Saw
24:44 Gold Mining
24:58 Heavy Plow
25:52 Fletching
26:08 Scale Barding Armor
26:55 Gold Shaft Mining
29:41 Imperial Age
28:06 Wheelbarrow
28:10 Ballistics
27:57 Bodkin Arrow
28:17 Padded Archer Armor
28:33 Masonry
29:11 Bloodlines
30:31 Leather Archer Armor
30:26 Bracer
31:31 Chemistry
31:48 Ring Archer Armor
31:33 Husbandry
30:53 Light Cavalry
32:26 Chain Barding Armor
32:50 Conscription
32:00 Elite Chu Ko Nu
33:22 Forging
Unimpressed
11:21 Feudal Age
14:56 Castle Age
13:26 Double-Bit Axe
14:17 Horse Collar
20:06 Bow Saw
20:45 Elite Skirmisher
22:13 Padded Archer Armor
22:24 Fletching
24:35 Wheelbarrow
25:13 Leather Archer Armor
24:54 Bodkin Arrow
25:06 Loom
hightower_208
10:35 Feudal Age
14:28 Castle Age
12:31 Horse Collar
13:02 Double-Bit Axe
15:37 Bow Saw
20:23 Gold Mining
21:38 Scale Barding Armor
23:27 Wheelbarrow
26:04 Chain Barding Armor
27:05 Hand Cart
27:13 Loom
28:34 Bloodlines
33:55 Imperial Age
32:14 Husbandry
Mjoelnir
10:54 Feudal Age
14:28 Castle Age
12:35 Double-Bit Axe
12:53 Horse Collar
15:49 Fletching
15:55 Gold Mining
17:25 Bodkin Arrow
22:39 Padded Archer Armor
24:17 Wheelbarrow
24:13 Bow Saw
27:21 Hand Cart
27:50 Stone Mining
28:11 Loom
28:29 Heavy Plow
29:07 Gold Shaft Mining
28:51 Bloodlines
34:33 Imperial Age
32:48 Husbandry
33:04 Leather Archer Armor
Connection lost

Rejoining the realm…

Still unreachable

The connection could not be restored.

Session expired

The server has moved on; the page needs a fresh start.